 Dungeon Crawl Stone Soup version 0.27.1-34-g3ba077fa99 (webtiles) character file.

Game seed: 4337636306560252311

28444 lordive the Destroyer (level 13, 0/76 HPs)
             Began as a Gargoyle Conjurer on Jan 20, 2022.
             Was an Elder of Vehumet.
             Slain by a black mamba (3 damage)
             ... on level 5 of the Lair of Beasts.
             The game lasted 00:38:28 (17762 turns).

lordive the Destroyer (Gargoyle Conjurer)          Turns: 17762, Time: 00:38:28

Health: 0/76       AC: 15    Str: 11    XL:     13   Next: 38%
Magic:  2/27       EV: 13    Int: 24    God:    Vehumet [****..]
Gold:   695        SH:  0    Dex:  8    Spells: 23/32 levels left

rFire    . . .     SeeInvis +   C - staff of conjuration
rCold    . . .     Faith    .   (no shield)
rNeg     + . .     Spirit   .   K - +1 robe {Will+}
rPois    ∞         Reflect  .   N - +1 hat
rElec    +         Harm     .   (no cloak)
rCorr    .         Rampage  .   h - +0 pair of gloves
Will     +....                  (no boots)
Stlth    +++.......             (no amulet)
HPRegen  0.22/turn              A - ring of flight
MPRegen  0.20/turn              J - ring of see invisible

@: flying
A: sickness immunity, AC +9, negative energy resistance 1, electricity
resistance, torment resistance 1, petrification resistance
a: Renounce Religion


You were on level 5 of the Lair of Beasts.
You worshipped Vehumet.
Vehumet was greatly pleased with you.
You visited 3 branches of the dungeon, and saw 16 of its levels.

You collected 695 gold pieces.

Inventory:

Missiles
 I - 4 curare-tipped darts
Armour
 h - a +0 pair of gloves (worn)
 l - a +0 leather armour
 F - +0 acid dragon scales
 K - a +1 robe of willpower (worn)
 N - a +1 hat (worn)
Magical Staves
 C - a staff of conjuration (weapon)
Jewellery
 y - a ring of ice
 A - a ring of flight (left hand)
 J - a ring of see invisible (right hand)
 Q - the amulet "Pobegaix" {Faith Regen+ Dex+4}
   (You found it on level 3 of the Lair of Beasts)

   [amulet of faith]

   It allows you to gain divine favour quickly.
   Dex:       It affects your dexterity (+4).
   Regen:     It increases your rate of health regeneration.
Wands
 q - a wand of flame (14)
 t - a wand of acid (20)
 u - a wand of digging (14)
 w - a wand of iceblast (15)
 D - a wand of charming (18)
 O - a wand of paralysis (4)
Scrolls
 a - a scroll of noise {unknown}
 b - 5 scrolls of enchant armour {unknown}
 c - 10 scrolls of identify {unknown}
 g - 4 scrolls of enchant weapon {unknown}
 i - 7 scrolls of teleportation {unknown}
 j - 2 scrolls of fog {unknown}
 k - 3 scrolls of blinking {unknown}
 o - 5 scrolls of amnesia {unknown}
 r - 2 scrolls of torment {unknown}
 s - 2 scrolls of magic mapping {unknown}
 x - 5 scrolls of immolation {unknown}
 B - a scroll of acquirement {unknown}
 G - 2 scrolls of fear {unknown}
 H - a scroll of holy word {unknown}
 L - 2 scrolls of vulnerability {unknown}
Potions
 d - 7 potions of heal wounds {unknown}
 e - 3 potions of flight {unknown}
 f - a potion of berserk rage {unknown}
 m - 3 potions of lignification {unknown}
 n - 2 potions of degeneration {unknown}
 p - 2 potions of mutation {unknown}
 v - 6 potions of curing
 z - 2 potions of brilliance {unknown}
 E - 2 potions of invisibility {unknown}
 M - 4 potions of haste {unknown}
 P - a potion of magic {unknown}


   Skills:
 * Level 7.1 Fighting
 + Level 6.0 Armour
 * Level 7.5 Dodging
 + Level 5.7 Stealth
 + Level 4.0 Shields
 + Level 10.1 Spellcasting
 + Level 11.9 Conjurations
 * Level 6.7 Fire Magic
 * Level 7.9 Earth Magic
 * Level 3.0 Evocations


You had 23 spell levels left.
You knew the following spells:

 Your Spells              Type           Power      Damage    Failure   Level
a - Magic Dart            Conj           100%       1d8       1%          1
b - Searing Ray           Conj           100%       3d7       1%          2
c - Starburst             Conj/Fire      35%        6d10      4%          6

Your spell library contained the following spells:

 Spells                   Type           Power      Damage    Failure   Level
 Olgreb's Toxic Radiance  Pois           12%        N/A       13%         4
 Sandblast                Erth           100%       2d20      1%          1
 Static Discharge         Conj/Air       57%        N/A       1%          2
 Dazzling Flash           Conj/Hex       100%       N/A       1%          3
 Fulminant Prism          Conj/Hex       28%        3d14      1%          4
 Iskenderun's Mystic Bla  Conj/Tloc      57%        2d12      1%          4
 Lightning Bolt           Conj/Air       28%        1d45      3%          5
 Frozen Ramparts          Ice            24%        1d4       4%          3
 Slow                     Hex            12%        N/A       8%          2
 Leda's Liquefaction      Hex/Erth       15%        N/A       10%         4
 Call Canine Familiar     Summ           12%        N/A       16%         3
 Confusing Touch          Hex            12%        N/A       16%         3
 Portal Projectile        Hex/Tloc       24%        N/A       16%         3
 Vampiric Draining        Necr           6%         2d6       16%         3
 Yara's Violent Unravell  Hex/Tmut       6%         3d5       34%         5
 Ice Form                 Ice/Tmut       12%        N/A       45%         4
 Summon Ice Beast         Ice/Summ       12%        N/A       45%         4
 Blade Hands              Tmut           6%         N/A       82%         5
 Excruciating Wounds      Necr           6%         N/A       82%         5
 Maxwell's Capacitive Co  Air            6%         ∞         100%        8


Dungeon Overview and Level Annotations

Branches:
Dungeon (10/15)            Temple (1/1) D:7            Lair (5/6) D:10
  Swamp (0/4) Lair:2       Spider (0/4) Lair:3
  Slime: Lair:5-6       Orc: D:9-12

Altars:
Ashenzari
Cheibriados
Dithmenos
Elyvilon
Fedhas
Gozag
Hepliaklqana
Kikubaaqudgha
Makhleb
Nemelex Xobeh
Okawaru
Qazlal
Ru
Sif Muna
Trog
Uskayaw
Vehumet
Wu Jian
Xom
Yredelemnul
Zin
The Shining One
Beogh
Lugonu

Annotations:
D:2 1 runed translucent door, Crazy Yiuf
Lair:4 Urug


Innate Abilities, Weirdness & Mutations

You are immune to sickness and miasma.
Your stone body is resilient. (AC +9)
You are immune to poison.
You resist negative energy. (rN+)
You are resistant to electric shocks. (rElec)
You are resistant to unholy torment.
You are immune to petrification.


Message History

The black mamba misses you. The black mamba barely misses you. x2
You see here a blink frog corpse.
The black mamba misses you. The black mamba bites you. x2
The black mamba misses you. The black mamba barely misses you.
The black mamba bites you but does no damage.
The black mamba bites you but does no damage.
Your magical contamination has completely faded away.
Casting: Starburst (dangerous; 4% risk of failure)
Confirm with . or Enter, or press ? or * to list all spells.
Aiming: Searing Ray (safe; 1% risk of failure)
Press: ? - help, Shift-Dir - straight line, f - black mamba
Aim: a black mamba (72% to hit)
You feel a surge of power!
The searing ray hits the black mamba.
The black mamba is lightly wounded. (Press . to maintain the ray.)
The black mamba bites you. The black mamba barely misses you.
The searing ray hits the black mamba!
The black mamba is moderately wounded.
The black mamba bites you but does no damage.
The black mamba bites you!
* * * LOW HITPOINT WARNING * * *
Unknown command.
The searing ray hits the black mamba!
The black mamba is heavily wounded.
The black mamba bites you.
* * * LOW HITPOINT WARNING * * *
The black mamba bites you but does no damage.
Unknown command.
The searing ray hits the black mamba.
The black mamba is heavily wounded.
You finish channeling your searing ray.
The black mamba bites you!
* * * LOW HITPOINT WARNING * * *
Unknown command.
The black mamba barely misses you. The black mamba misses you.
The black mamba bites you.
You die...

P.#...........+.....##
##.#.......P..P#.....#
..#.#......P..+....###
..............#....P##
...............#.....#
.#.##.........#^...###
# #.....#####.....##
#....## ##.S..P#
........# #.@..##
........+ #.....#
........# #......#
........# #....###
........# #.....
.##.#.... .....##
##..... .PP....
........#


You could see a black mamba.

Vanquished Creatures
  3 hydras
  2 two-headed ogres
  Sonja (D:10)
  Pikel (D:7)
  5 elephants (Lair:3)
  A black mamba (Lair:3)
  A gargoyle (D:10)
  7 cane toads
  Psyche (D:9)
  5 komodo dragons
  2 trolls
  A polar bear (Lair:1)
  A hornet (D:9)
  20 blink frogs
  Grinder (D:6)
  Sigmund (D:2)
  A redback (Lair:3)
  A vampire (D:10)
  A wraith (D:9)
  2 wyverns
  Eustachio (D:5)
  44 yaks
  2 steam dragons
  Menkaure (D:5)
  2 acid dragons
  A swamp worm (Lair:2)
  13 water moccasins
  2 ice beasts (D:7)
  A sky beast (D:7)
  Duvessa (D:6)
  3 black bears
  4 orc warriors
  2 ogres
  4 wolves (Lair:2)
  A phantom (D:6)
  3 lemures (D:7)
  2 kobold brigands
  9 bullfrogs
  A scorpion (D:6)
  2 water moccasin zombies
  Dowan (D:6)
  A wyvern skeleton (D:7)
  3 howler monkeys
  2 centaur zombies
  A bullfrog zombie (D:6)
  2 bullfrog skeletons
  2 jellies
  4 hounds
  A gnoll shaman (D:8)
  5 orc priests
  5 iguanas
  Ijyb (D:5)
  3 orc wizards
  A killer bee zombie (D:7)
  A hound skeleton (D:4)
  16 gnolls
  8 adders
  2 white imps (D:7)
  An ufetubus (D:6)
  An adder skeleton (D:4)
  2 worms
  3 dart slugs
  31 orcs
  7 ball pythons
  9 bats
  2 endoplasms
  3 giant cockroaches
  4 hobgoblins
  2 jackals (D:1)
  13 kobolds
  13 frilled lizards
  9 goblins
  2 rats
318 creatures vanquished.

Vanquished Creatures (others)
  A fire crab (Lair:5)
  A bush (Lair:2)
  21 fungi
  34 plants
57 creatures vanquished.

Grand Total: 375 creatures vanquished

Notes
Turn   | Place    | Note
-------+----------+-------------------------------------------
     0 | D:1      | lordive the Gargoyle Conjurer began the quest for the Orb.
     0 | D:1      | Reached XP level 1. HP: 10/10 MP: 3/3
   390 | D:1      | Found a faded altar of an unknown god.
   406 | D:1      | Reached XP level 2. HP: 15/15 MP: 3/5
   446 | D:1      | Learned a level 2 spell: Searing Ray
   856 | D:1      | Reached skill level 5 in Conjurations
   984 | D:2      | Reached XP level 3. HP: 2/19 MP: 0/6
  1261 | D:2      | Reached XP level 4. HP: 24/24 MP: 1/7
  1970 | D:2      | Reached XP level 5. HP: 28/28 MP: 2/9
  2073 | D:2      | Noticed Sigmund
  2090 | D:2      | Killed Sigmund
  2091 | D:2      | Reached skill level 6 in Conjurations
  2091 | D:2      | Reached XP level 6. HP: 32/32 MP: 2/11
  2193 | D:2      | Found a runed translucent door.
  2194 | D:2      | Noticed Crazy Yiuf
  2911 | D:3      | Found an ornate altar of the Wu Jian Council.
  3140 | D:3      | Found an iron altar of Okawaru.
  3540 | D:4      | Reached XP level 7. HP: 36/36 MP: 10/13
  3721 | D:4      | Found a bloodstained altar of Trog.
  3723 | D:4      | Found a snail-covered altar of Cheibriados.
  3723 | D:4      | Found an iron altar of Okawaru.
  3763 | D:4      | Found a shimmering altar of Xom.
  3763 | D:4      | Found a shadowy altar of Dithmenos.
  3763 | D:4      | Found a bloodstained altar of Trog.
  3873 | D:4      | Reached skill level 7 in Conjurations
  4360 | D:5      | Entered Level 5 of the Dungeon
  4406 | D:5      | Noticed Eustachio
  4415 | D:5      | Killed Eustachio
  4592 | D:5      | Reached skill level 5 in Spellcasting
  4722 | D:5      | Noticed Ijyb
  4729 | D:5      | Killed Ijyb
  4837 | D:5      | Reached XP level 8. HP: 41/41 MP: 10/16
  5095 | D:5      | Reached skill level 8 in Conjurations
  5494 | D:5      | Noticed Menkaure
  5499 | D:5      | Killed Menkaure
  5561 | D:5      | Reached skill level 1 in Fighting
  5895 | D:6      | Got the Disquisition on the Blistering Mountains
  6055 | D:6      | Noticed Dowan
  6057 | D:6      | Noticed Duvessa
  6069 | D:6      | Killed Duvessa
  6070 | D:6      | Reached XP level 9. HP: 44/47 MP: 13/18
  6072 | D:6      | Killed Dowan
  6077 | D:6      | Reached skill level 5 in Stealth
  6077 | D:6      | Reached skill level 9 in Conjurations
  6286 | D:6      | Found a blossoming altar of Fedhas.
  6680 | D:6      | Noticed Grinder
  6687 | D:6      | Killed Grinder
  7053 | D:7      | Reached skill level 1 in Armour
  7053 | D:7      | Reached skill level 1 in Shields
  7053 | D:7      | Reached skill level 1 in Earth Magic
  7094 | D:7      | Noticed Pikel
  7148 | D:7      | Reached skill level 1 in Fire Magic
  7162 | D:7      | Killed Pikel
  7615 | D:7      | Found a staircase to the Ecumenical Temple.
  7636 | Temple   | Entered the Ecumenical Temple
  7712 | D:7      | Reached XP level 10. HP: 54/55 MP: 1/21
  8253 | D:7      | Found a burning altar of Makhleb.
  8291 | D:7      | Found a hide-covered altar of Uskayaw.
  8293 | D:7      | Found a snail-covered altar of Cheibriados.
  8293 | D:7      | Found a radiant altar of Vehumet.
  8294 | D:7      | Found a hazy altar of Hepliaklqana.
  8303 | D:7      | Became a worshipper of Vehumet
  8856 | D:8      | Reached skill level 5 in Dodging
  8905 | D:8      | Reached * piety under Vehumet
  8905 | D:8      | Offered knowledge of Foxfire by Vehumet.
  9065 | D:8      | Found a glowing golden altar of the Shining One.
  9123 | D:8      | Found a shimmering blue altar of Sif Muna.
  9453 | D:8      | Found an opulent altar of Gozag.
  9700 | D:9      | Reached skill level 10 in Conjurations
 10055 | D:9      | Reached XP level 11. HP: 61/61 MP: 17/23
 10168 | D:9      | Noticed a two-headed ogre
 10176 | D:9      | Killed a two-headed ogre
 10962 | D:10     | Entered Level 10 of the Dungeon
 11095 | D:10     | Noticed a two-headed ogre
 11104 | D:10     | Killed a two-headed ogre
 11158 | D:10     | Noticed Sonja
 11165 | D:10     | Killed Sonja
 11352 | D:10     | Noticed Psyche
 11408 | D:9      | Killed Psyche
 11409 | D:9      | Reached skill level 5 in Earth Magic
 11690 | D:10     | Found a staircase to the Lair.
 11772 | D:10     | Found a glowing silver altar of Zin.
 11823 | D:10     | Reached skill level 5 in Armour
 12216 | Lair:1   | Entered Level 1 of the Lair of Beasts
 12510 | Lair:1   | Offered knowledge of Poisonous Vapours by Vehumet.
 12511 | Lair:1   | Reached ** piety under Vehumet
 12857 | Lair:1   | Noticed an eight-headed hydra
 12864 | Lair:1   | Killed an eight-headed hydra
 12865 | Lair:1   | Reached skill level 5 in Fighting
 12865 | Lair:1   | Reached XP level 12. HP: 33/68 MP: 17/24
 13116 | Lair:1   | Reached skill level 5 in Fire Magic
 14021 | Lair:2   | Reached skill level 11 in Conjurations
 14145 | Lair:2   | Offered knowledge of Ignite Poison by Vehumet.
 14603 | Lair:2   | Reached *** piety under Vehumet
 14936 | Lair:2   | Noticed an eight-headed hydra
 15051 | Lair:2   | Killed an eight-headed hydra
 15304 | Lair:2   | Noticed a seven-headed hydra
 15319 | Lair:2   | Killed a seven-headed hydra
 15370 | Lair:2   | Reached skill level 1 in Evocations
 15389 | Lair:2   | Found a staircase to the Swamp.
 15500 | Lair:3   | Learned a level 6 spell: Starburst
 16005 | Lair:3   | Offered knowledge of Olgreb's Toxic Radiance by Vehumet.
 16058 | Lair:3   | Reached XP level 13. HP: 76/76 MP: 19/26
 16205 | Lair:3   | Found a hole to the Spider Nest.
 16427 | Lair:3   | Identified the amulet "Pobegaix" {Faith Regen+ Dex+4}
 16935 | Lair:2   | Identified the +0 hunting sling of Utirghuno {freeze,
                  | Int+4}
 16987 | Lair:4   | Reached skill level 10 in Spellcasting
 17480 | Lair:4   | Noticed Urug
 17717 | Lair:5   | Reached **** piety under Vehumet
 17759 | Lair:5   | HP: 2/76 [black mamba (8)]
 17762 | Lair:5   | Slain by a black mamba

Illustrated notes

Levels and vault maps discovered:
D:1:      dpeg_arrival_prison, layout_rooms,
          shapermc_ecumenical_altar_notcrosses
D:2:      layout_basic, serial_glass, glass_columns_a, glass_columns_c,
          glass_columns_a, glass_columns_b, glass_columns_b, glass_columns_a,
          uniq_sigmund, uniq_crazy_yiuf_cottage
D:3:      layout_rooms, kennysheep_okawaru_gauntlet,
          nicolae_wu_jian_wuxing_cycle, kennysheep_orc_chapel
D:4:      layout_basic, doesnt_xom_only_xom
D:5:      layout_basic, uniq_menkaure, uniq_eustachio, uniq_ijyb
D:6:      layout_loops_ring, mainiacjoe_overflow_chevrons,
          grunt_decor_resistance, minmay_lizard_king, uniq_grinder, uniq_duvessa
D:7:      layout_loops_ring, minitemple, minmay_temple_entry_wispy, uniq_pikel
D:8:      layout_rooms, mainiacjoe_overflow_cross_hatched,
          mainiacjoe_overflow_surrounded_room, kennysheep_little_box
D:9:      layout_gridville
D:10:     layout_roguey, kennysheep_mini_moat, lair_entry_dummy, uniq_psyche,
          uniq_sonja
Temple:   corrupted_temple
Lair:1:   layout_cave_pods
Lair:2:   layout_small_grid, palyth_hydra_swamp_entry, grunt_megastairs_5
Lair:3:   layout_small_grid, spider_nest_entry_webs, st_stairs_5,
          serial_bayou_shore_b, lemuel_fruit_fields
Lair:4:   layout_cave_pods, uniq_urug
Lair:5:   layout_regular_city, dpeg_slime_entry_enclosed_altar

Skill      XL: |  1  2  3  4  5  6  7  8  9 10 11 12 13 |
---------------+----------------------------------------+-----
Conjurations   | 5 6 7 8 9 10 11 | 11.9
Dodging        | 2 3 4 5 6 7 |  7.5
Stealth        | 3 4 5 |  5.7
Spellcasting   | 3 4 5 6 7 8 9 10 | 10.1
Fighting       | 1 2 4 5 6 7 |  7.1
Armour         | 2 4 5 6 |  6.0
Shields        | 2 3 4 |  4.0
Earth Magic    | 2 3 6 7 |  7.9
Fire Magic     | 2 3 4 6 |  6.7
Evocations     | 1 3 |  3.0

Action                   |  1- 3 |  4- 6 |  7- 9 | 10-12 | 13-15 || total
-------------------------+-------+-------+-------+-------+-------++-------
Melee: Unarmed           |     6 |       |     1 |    15 |       ||    22
       Staff             |       |       |       |     1 |       ||     1
 Cast: Magic Dart        |    30 |    77 |   118 |   124 |    10 ||   359
       Searing Ray       |     2 |    10 |    44 |   131 |     4 ||   191
       Starburst         |       |       |       |    10 |    29 ||    39
Armor: Robe              |     9 |     6 |    40 |    60 |    27 ||   142
       Acid dragon scale |       |       |       |    28 |       ||    28
Dodge: Dodged            |    23 |    17 |    44 |   130 |    56 ||   270
